 Dungeon Crawl Stone Soup version 0.16-a0-3029-g57b17b4 (webtiles) character file.

1837 DEFE the Carver (level 8, -13/73 HPs)
             Began as a Minotaur Fighter on Dec 8, 2014.
             Was an Initiate of Okawaru.
             Killed from afar by Kemay's ghost (27 damage)
             ... with a bolt of negative energy
             ... on level 7 of the Dungeon.
             The game lasted 00:14:44 (5355 turns).

DEFE the Carver (Minotaur Fighter)                  Turns: 5355, Time: 00:14:44

Health: -13/73     AC: 16    Str: 24    XL:     8   Next: 87%
Magic:  3/3        EV:  5    Int:  5    God:    Okawaru [......]
Gold:   299        SH: 10    Dex:  9    Spells: 0 memorised, 7 levels left

rFire  . . .     SeeInvis +     a - +0 long sword
rCold  . . .     Clarity  .     H - +0 plate armour
rNeg   . . .     SustAb   .     c - +0 shield
rPois  .         Gourm    .     (helmet restricted)
rElec  .         Spirit   .     o - +0 cloak
rCorr  .         Warding  .     y - +0 pair of gloves
rMut   .         Stasis   .     g - +0 pair of boots
MR     .....                    r - amulet of regeneration
Stlth  ..........               B - ring of see invisible
                                (no ring)

@: heavily drained, not resistant to hostile enchantments, extremely unstealthy
A: retaliatory headbutt, horns 2
a: Renounce Religion


You were on level 7 of the Dungeon.
You worshipped Okawaru.
Okawaru was noncommittal.
You were not hungry.

You visited 2 branches of the dungeon, and saw 8 of its levels.

You collected 299 gold pieces.

Inventory:

Hand weapons
 a - a +0 long sword (weapon)
Armour
 b - a +0 scale mail
 c - a +0 shield (worn)
 g - a +0 pair of boots (worn)
 j - a +0 chain mail
 o - a +0 cloak (worn)
 y - a +0 pair of gloves (worn)
 H - a +0 plate armour (worn)
Jewellery
 r - an amulet of regeneration (around neck)
 B - a ring of see invisible (right hand)
 J - an uncursed ring of protection from magic {unknown}
Magical devices
 m - a wand of disintegration (8)
 w - a wand of frost (32)
Scrolls
 f - a scroll of identify
 k - 2 scrolls of teleportation {unknown}
 l - 2 scrolls of immolation {unknown}
 s - 2 scrolls of remove curse
 u - 3 scrolls of magic mapping {unknown}
 D - 3 scrolls of noise {unknown}
 E - 2 scrolls of recharging {unknown}
Potions
 e - a potion of might
 h - 4 potions of restore abilities
 q - a potion of poison
 t - a potion of haste
 v - a potion of resistance {unknown}
 x - a potion of mutation {unknown}
 A - a potion of brilliance {unknown}
 C - a potion of berserk rage {unknown}
 G - a potion of degeneration {unknown}
Books
 n - a book of Dreams

   Spells                             Type                      Level
   a - Ensorcelled Hibernation        Hexes/Ice                    2
   b - Flight                         Charms/Air                   3
   c - Phase Shift                    Translocation                5
   d - Shadow Creatures               Summoning                    5
   e - Mass Confusion                 Hexes                        6
   f - Darkness                       Hexes                        7
Comestibles
 d - 4 bread rations
 i - 2 beef jerkies
 p - 3 meat rations
 z - 2 slices of pizza
 F - a royal jelly
 I - 2 chunks of flesh


   Skills:
 + Level 7.0(5.7) Fighting
 * Level 9.2(7.8) Long Blades
 + Level 7.1(5.7) Armour
 + Level 7.0(5.7) Shields


You had 7 spell levels left.
You didn't know any spells.

Dungeon Overview and Level Annotations

Branches:
Dungeon (7/15)             Temple (1/1) D:5

Altars:
Ashenzari
Cheibriados
Dithmenos
Elyvilon
Fedhas
Gozag
Kikubaaqudgha
Makhleb
Okawaru
Qazlal
Ru
Sif Muna
Yredelemnul
Zin

Shops:
D:7 *

Annotations:
D:7 Kemay's ghost, experienced DrTm


Innate Abilities, Weirdness & Mutations

You reflexively headbutt those who attack you in melee.
You have a pair of horns on your head.


Message History

Kemay's ghost hits you but does no damage.
You writhe in agony.
You closely miss Kemay's ghost.
You headbutt Kemay's ghost, but do no damage.
Kemay's ghost is lightly damaged.
You hear the steady creaking of a distant oriflamme.
Kemay's ghost hits you but does no damage.
You writhe in agony.
You closely miss Kemay's ghost.
Kemay's ghost is lightly damaged.
Kemay's ghost hits you!
You writhe in agony.
You closely miss Kemay's ghost. Your headbutt misses Kemay's ghost.
Kemay's ghost is lightly damaged.
You block Kemay's ghost's attack.
Kemay's ghost breathes negative energy at you.
The bolt of negative energy hits you!
You feel drained.
* * * LOW HITPOINT WARNING * * *
Kemay's ghost breathes negative energy at you.
The bolt of negative energy hits you!
You feel drained.
You die...

# ## .. ###### ...... ######
.# .#
############################
.#
#.......W..@......>.........
#.
#.##########################.
.#.#. #. #.#. #. .#.# #.
#.#.# #. .#.#.# #. #.#.# #.
.#.# #.


You could see Kemay's ghost.

Vanquished Creatures
  3 orc warriors
  Purgy (D:3)
  2 sky beasts (D:5)
  An ogre (D:5)
  2 centaurs
  A phantom (D:4)
  The ghost of Chiseanne the Magician, an average DsFE (D:3)
  A scorpion (D:4)
  A goliath beetle (D:5)
  A crimson imp (D:6)
  A hound (D:5)
  A jelly (D:6)
  5 orc priests
  3 worker ants
  4 iguanas
  A centaur skeleton (D:5)
  3 orc wizards
  Jessica (D:3)
  A hound skeleton (D:4)
  3 gnolls (D:3)
  6 adders
  A worm (D:4)
  A shadow imp (D:6)
  6 giant geckos
  An ooze (D:2)
  15 orcs
  2 ball pythons
  11 bats
  2 bat skeletons (D:4)
  4 giant cockroaches
  11 hobgoblins
  12 kobolds
  4 quokkas
  7 giant newts
  15 goblins
  4 jackals (D:2)
  A jackal skeleton (D:5)
  A quokka skeleton (D:4)
  2 quokka zombies
  11 rats
154 creatures vanquished.

Notes
Turn   | Place    | Note
--------------------------------------------------------------
     0 | D:1      | DEFE, the Minotaur Fighter, began the quest for the Orb.
     0 | D:1      | Reached XP level 1. HP: 19/19 MP: 1/1
   168 | D:1      | Reached XP level 2. HP: 25/27 MP: 1/1
   339 | D:1      | Reached skill level 4 in Fighting
   406 | D:1      | Reached XP level 3. HP: 28/33 MP: 2/2
   940 | D:2      | Found a deep blue altar of Sif Muna.
   953 | D:2      | Found a sacrificial altar of Ru.
  1118 | D:2      | Found a stormy altar of Qazlal.
  1573 | D:3      | Reached XP level 4. HP: 35/40 MP: 2/2
  1611 | D:3      | Noticed Jessica
  1621 | D:3      | Killed Jessica
  1648 | D:3      | Noticed Chiseanne's ghost (average DsFE)
  1674 | D:3      | Killed Chiseanne's ghost
  1674 | D:3      | Reached XP level 5. HP: 30/47 MP: 2/2
  1693 | D:3      | Found a basalt altar of Yredelemnul.
  1822 | D:3      | Found a white marble altar of Elyvilon.
  1882 | D:3      | Noticed a centaur
  1888 | D:3      | Reached skill level 5 in Long Blades
  1902 | D:3      | Killed a centaur
  1902 | D:3      | Reached XP level 6. HP: 12/55 MP: 3/3
  1904 | D:3      | Reached skill level 5 in Fighting
  2458 | D:4      | Noticed Purgy
  2471 | D:3      | Killed Purgy
  2471 | D:3      | Reached skill level 5 in Armour
  2569 | D:4      | Reached skill level 6 in Long Blades
  2569 | D:4      | Reached skill level 5 in Shields
  2754 | D:4      | Reached XP level 7. HP: 52/61 MP: 3/3
  3301 | D:5      | Entered Level 5 of the Dungeon
  3552 | D:5      | Reached skill level 7 in Long Blades
  4005 | D:5      | Reached XP level 8. HP: 57/70 MP: 3/3
  4013 | D:5      | Found an ancient bone altar of Kikubaaqudgha.
  4155 | D:5      | Found a staircase to the Ecumenical Temple.
  4167 | Temple   | Entered the Ecumenical Temple
  4197 | Temple   | Became a worshipper of Warmaster Okawaru
  4493 | D:5      | Reached skill level 8 in Long Blades
  5052 | D:6      | Reached skill level 9 in Long Blades
  5258 | D:7      | Found Qovuomud's General Store.
  5333 | D:7      | Noticed Kemay's ghost (experienced DrTm)
  5355 | D:7      | Killed from afar by Kemay's ghost

Action                   |  1- 3 |  4- 6 |  7- 9 || total
-------------------------+-------+-------+-------++-------
Melee: Long sword        |   153 |   121 |   283 ||   557
  Use: Potion            |       |     3 |     4 ||     7
       Scroll            |       |       |     6 ||     6
  Eat: Chunk             |     2 |     5 |    10 ||    17
